 Dungeon Crawl Stone Soup version 0.14-a0-3376-gf173aa4 (webtiles) character file.

18792 DaftWullie the Swashbuckler (level 12, -2/77 HPs)
             Began as a Kobold Berserker on Mar 17, 2014.
             Was an Elder of Trog.
             Slain by a four-headed hydra (3 damage)
             ... on Level 7 of the Lair of Beasts on Mar 20, 2014.
             The game lasted 02:46:03 (15206 turns).

DaftWullie the Swashbuckler (Kobold Berserker)     Turns: 15206, Time: 02:46:03

HP  -2/77        AC 10     Str 18      XL: 12   Next: 90%
MP   6/6         EV 23     Int  6      God: Trog [****..]
Gold 700         SH  0     Dex 17      Spells:  0 memorised, 11 levels left

rFire  . . .     SeeInvis .     a - +1,+8 quick blade (antimagic)
rCold  . . .     Clarity  .     e - +2 leather armour
rNeg   + . .     Conserve .     (no shield)
rPois  .         rCorr    .     (no helmet)
rElec  .         rRot     .     x - +0 cloak
SustAb . .       Spirit   .     D - +0 pair of gloves
rMut   .         Warding  +     P - +2 pair of boots
Saprov + + .     Stasis   .     U - amulet of warding {unknown}
MR     +++..                    X - ring of flight
                                d - ring of protection from magic

@: regenerating, exhausted, very slightly contaminated, slowed, very slow,
extremely resistant to hostile enchantments, very stealthy
A: disease resistance, carnivore 3, saprovore 2
a: Burn Spellbooks, Berserk, Trog's Hand, Brothers in Arms, Renounce Religion,
Evoke Flight


You were on level 7 of the Lair of Beasts.
You worshipped Trog.
Trog was greatly pleased with you.
You were full.

You visited 2 branches of the dungeon, and saw 17 of its levels.

You collected 733 gold pieces.
You spent 33 gold pieces at shops.

Inventory:

Hand weapons
 a - a +1,+8 anti-magic quick blade (weapon)
 b - a +0 blowgun
 c - a +1,+2 short sword of venom
 m - a +0,+0 scimitar
 y - a +0,+0 cutlass
 B - a +0,+5 cutlass of draining
 N - a +3,+6 quick blade
Missiles
 f - 129 darts (quivered)
 L - 57 poisoned needles
Armour
 e - a +2 leather armour (worn)
 w - a +0 pair of boots
 x - a +0 cloak (worn)
 D - a +0 pair of gloves (worn)
 F - a +0 cloak
 P - a +2 pair of boots (worn)
 V - a +2 ring mail of fire resistance
Magical devices
 g - a wand of frost (8)
 E - a wand of flame (0)
 G - a wand of confusion (11)
 H - a wand of digging (8)
 J - a wand of fire (6)
 M - a wand of teleportation (4)
 Q - a wand of cold (0)
Comestibles
 T - 2 meat rations
 Z - 7 slices of pizza
Scrolls
 k - a scroll of silence {unknown}
 p - 4 scrolls of remove curse
 q - 3 scrolls of blinking
 r - a scroll of torment {unknown}
 s - a scroll of recharging {unknown}
 u - 5 scrolls of fear {unknown}
 v - a scroll of vulnerability {unknown}
 A - 2 scrolls of acquirement {unknown}
 I - 3 scrolls of amnesia
 K - 6 scrolls of fog
 O - 5 scrolls of teleportation
 R - a scroll of summoning {unknown}
Jewellery
 d - a ring of protection from magic (left hand)
 o - an uncursed ring of sustain abilities
 t - an uncursed amulet of clarity
 U - an amulet of warding (around neck) {unknown}
 W - an uncursed ring of poison resistance {unknown}
 X - a ring of flight (right hand)
Potions
 h - 5 potions of heal wounds
 i - 3 potions of restore abilities
 l - 4 potions of curing
 n - a potion of lignification
 z - 3 potions of invisibility
 C - a potion of haste
 S - a potion of poison {unknown}


   Skills:
 * Level 10.1 Fighting
 + Level 15.9 Short Blades
 - Level 6.0 Throwing
 - Level 1.5 Armour
 * Level 12.7 Dodging
 + Level 8.1 Stealth
 + Level 0.8 Unarmed Combat
 + Level 3.5 Evocations


You had 11 spell levels left.
You didn't know any spells.

Dungeon Overview and Level Annotations

Branches:
Dungeon (10/15)            Temple (0/1) D:5            Lair (7/8) D:10
 Shoals (0/5) Lair:5        Snake (0/5) Lair:4
    Orc: D:9-12       Slime: Lair:6-8

Altars:
Ashenzari
Elyvilon
Fedhas
Okawaru
Vehumet
Xom

Shops:
D:4 (   D:6 *


Innate Abilities, Weirdness & Mutations

You recuperate from illness quickly.
You are small and have problems with some larger weapons.
You are carnivorous and can eat meat at any time.
You can eat rotten meat.


Message History

You fail to use your ability.
The blink frog closely misses you.
Unknown command.
The blink frog completely misses you.
The blink frog hits you but does no damage.
The blink frog closely misses you.
Use which ability? (? or * to list)
Your ogre goes berserk!
You feel somewhat less full.
The four-headed hydra bites you but does no damage. x2
The four-headed hydra bites you!
* * * LOW HITPOINT WARNING * * *
The four-headed hydra completely misses you.
The blink frog hits you!
* * * LOW HITPOINT WARNING * * *
The blink frog blinks!
The four-headed hydra barely misses you.
The four-headed hydra misses you.
The four-headed hydra closely misses you.
The four-headed hydra bites you.
You die...

## #. ..#...
####..F.#.
#..........
###.@........
#..D§.O......
##..........
###...[......
#...%.f......
P.......... #


PP.......... . #.PPP.(....... . #.P...f....... . You could see a four-headed
hydra, a blink frog and a friendly ogre (berserk).

Vanquished Creatures
  Pikel (D:4)
  A griffon (Lair:2)
  The ghost of schwarznadel the Shield-Bearer, an experienced FoFi of the Shining One (D:6)
  2 black mambas
  4 spiny frogs
  3 komodo dragons
  2 fire drakes
  A boulder beetle (Lair:6)
  9 blink frogs
  3 sharks (Lair:5)
  2 basilisks
  12 yaks
  A human (D:8)
  An elephant slug (Lair:7)
  3 hippogriffs
  The ghost of StormDelay the Chopper, an average HuWn of Okawaru (D:3)
  8 wolves
  8 water moccasins
  A necrophage (D:8)
  6 porcupines
  4 giant goldfish (Lair:1)
  An orc warrior (D:8)
  2 sky beasts
  5 ogres
  2 ice beasts
  A boring beetle (Lair:5)
  5 crocodiles
  3 centaurs
  10 giant slugs
  A scorpion (D:7)
  8 giant frogs
  3 killer bees (D:7)
  2 electric eels (Lair:1)
  2 goliath beetles
  3 orc wizards
  10 hounds
  13 iguanas
  A jelly (D:7)
  2 big fish (Lair:1)
  2 giant frog skeletons
  An orc priest (D:8)
  3 worker ants
  15 sheep
  Ijyb (D:2)
  An ogre zombie (D:5)
  A worker ant zombie (D:5)
  14 adders
  3 gnolls
  A giant mite (Lair:3)
  A shadow imp (D:6)
  28 green rats
  An inept feature mimic (D:5)
  A worm zombie (D:5)
  3 worms
  An adder skeleton (D:6)
  A giant eyeball (D:7)
  4 giant geckos
  An ooze (D:4)
  18 orcs
  17 bats
  A bat zombie (D:7)
  6 giant cockroaches
  16 hobgoblins
  21 jackals
  9 quokkas
  A ball python (D:3)
  A ball python skeleton (D:6)
  A giant gecko zombie (D:8)
  A giant newt zombie (D:5)
  13 goblins
  16 kobolds
  18 rats
  3 ballistomycetes (D:10)
  2 fungi (Lair:6)
  A plant (Lair:4)
376 creatures vanquished.

Vanquished Creatures (collateral kills)
  2 hydras
  A black mamba (Lair:1)
  A spiny frog (Lair:7)
  2 giant goldfish (Lair:1)
  A giant slug (Lair:2)
  An electric eel (Lair:1)
  An iguana (Lair:1)
9 creatures vanquished.

Vanquished Creatures (others)
  A two-headed ogre (Lair:7)
  A slave (D:4)
  An ogre (Lair:7)
  2 jackals (D:4)
  2 giant spores
  A rat (D:4)
8 creatures vanquished.

Grand Total: 393 creatures vanquished

Notes
Turn   | Place    | Note
--------------------------------------------------------------
     0 | D:1      | DaftWullie, the Kobold Berserker, began the quest for the Orb.
     0 | D:1      | Reached XP level 1. HP: 14/14 MP: 1/1
     0 | D:1      | Upgraded the game from 0.14-a0-3345-g9255d23 to 0.14-a0-3350-g14ab857
   440 | D:1      | Reached XP level 2. HP: 5/19 MP: 2/2
  1267 | D:1      | Reached XP level 3. HP: 21/24 MP: 3/3
  1555 | D:2      | Noticed Ijyb
  1572 | D:2      | Killed Ijyb
  1572 | D:2      | Reached skill level 5 in Short Blades
  1577 | D:2      | Reached XP level 4. HP: 29/29 MP: 4/4
  1708 | D:3      | Noticed an ogre
  1721 | D:3      | Killed an ogre
  1721 | D:3      | Reached skill level 6 in Short Blades
  1721 | D:3      | Reached skill level 1 in Throwing
  1721 | D:3      | Reached XP level 5. HP: 2/33 MP: 5/5
  1948 | D:2      | Acquired Trog's second power
  1955 | D:2      | Reached skill level 1 in Stealth
  2044 | D:3      | Noticed StormDelay's ghost (average HuWn)
  2059 | D:3      | Killed StormDelay's ghost
  2059 | D:3      | Reached XP level 6. HP: 39/39 MP: 6/6
  2200 | D:3      | Reached skill level 7 in Short Blades
  2360 | D:2      | Reached skill level 5 in Dodging
  2360 | D:2      | Reached XP level 7. HP: 11/44 MP: 7/7
  3389 | D:3      | Reached skill level 8 in Short Blades
  3487 | D:3      | Found a shimmering altar of Xom.
  3488 | D:3      | Found an iron altar of Okawaru.
  3652 | D:4      | Noticed Pikel
  3704 | D:4      | Killed Pikel
  3704 | D:4      | Reached skill level 9 in Short Blades
  3704 | D:4      | Reached XP level 8. HP: 48/48 MP: 8/8
  3731 | D:5      | Entered Level 5 of the Dungeon
  3907 | D:4      | Reached skill level 5 in Fighting
  4254 | D:4      | Reached skill level 10 in Short Blades
  4298 | D:4      | Found Miaqamn's Weapon Shop.
  4716 | D:5      | Found Prenlaag's Magic Scroll Emporium.
  4763 | D:5      | Prenlaag's Magic Scroll Emporium was a mimic.
  5032 | D:5      | Found a staircase to the Ecumenical Temple.
  5253 | D:5      | Found a shattered altar of Ashenzari.
  5419 | D:6      | Noticed schwarznadel's ghost (experienced FoFi)
  5442 | D:6      | Killed schwarznadel's ghost
  5442 | D:6      | Reached skill level 1 in Evocations
  5442 | D:6      | Reached XP level 9. HP: 21/54 MP: 8/10
  5449 | D:6      | Reached skill level 5 in Throwing
  5499 | D:6      | Got a faintly glowing scale mail
  5510 | D:6      | Identified the cursed +7 scale mail "Hielobong" {Dex-2 Int+3} (You found it on level 6 of the Dungeon)
  5594 | D:6      | Reached skill level 11 in Short Blades
  5635 | D:6      | Found a shattered altar of Ashenzari.
  5899 | D:7      | Acquired Trog's third power
  6026 | D:6      | Found Otwoadwu's General Store.
  6072 | D:6      | Bought a potion of heal wounds for 33 gold pieces
  6648 | D:7      | Reached XP level 10. HP: 55/60 MP: 12/12
  6712 | D:7      | Found a radiant altar of Vehumet.
  7007 | D:8      | Upgraded the game from 0.14-a0-3350-g14ab857 to 0.14-a0-3367-g7c2a7eb
  7076 | D:8      | Reached skill level 12 in Short Blades
  8058 | D:9      | Found a radiant altar of Vehumet.
  8111 | D:10     | Entered Level 10 of the Dungeon
  8464 | D:10     | Found a staircase to the Lair.
  8541 | Lair:1   | Entered Level 1 of the Lair of Beasts
  8541 | Lair:1   | Noticed a black mamba
  8552 | Lair:1   | Killed a black mamba
  8552 | Lair:1   | Reached skill level 13 in Short Blades
  8552 | Lair:1   | Reached skill level 5 in Stealth
  8571 | Lair:2   | Noticed an eight-headed hydra
  8572 | Lair:2   | Killed an eight-headed hydra
  8651 | Lair:2   | Received a gift from Trog
  8947 | Lair:1   | Reached XP level 11. HP: 67/67 MP: 5/15
  9174 | Lair:1   | Upgraded the game from 0.14-a0-3367-g7c2a7eb to 0.14-a0-3376-gf173aa4
  9452 | Lair:1   | Reached skill level 10 in Dodging
  9838 | Lair:2   | Noticed a griffon
 10003 | Lair:2   | Killed a griffon
 10003 | Lair:2   | Reached skill level 14 in Short Blades
 10095 | Lair:2   | Noticed an eight-headed hydra
 10307 | Lair:3   | Received a gift from Trog
 10347 | Lair:3   | Noticed a four-headed hydra
 10370 | Lair:3   | Killed a five-headed hydra
 10595 | Lair:3   | Found a white marble altar of Elyvilon.
 10884 | Lair:3   | Noticed a black mamba
 10896 | Lair:3   | Killed a black mamba
 11186 | Lair:3   | Noticed a five-headed hydra
 11629 | Lair:4   | Found a staircase to the Snake Pit.
 11695 | Lair:4   | Reached skill level 15 in Short Blades
 11695 | Lair:4   | Reached XP level 12. HP: 76/76 MP: 5/17
 12111 | Lair:4   | Received a gift from Trog
 12783 | Lair:5   | Found a staircase to the Shoals.
 12972 | Lair:6   | Found a blossoming altar of Fedhas.
 14555 | Lair:6   | Reached skill level 10 in Fighting
 15126 | Lair:7   | Noticed a four-headed hydra
 15206 | Lair:7   | HP: 1/77 [blink frog (14)]
 15206 | Lair:7   | Slain by a four-headed hydra

Action                   |  1- 3 |  4- 6 |  7- 9 | 10-12 || total
-------------------------+-------+-------+-------+-------++-------
Melee: Short sword       |    90 |   100 |   417 |   240 ||   847
       Sling             |    11 |       |       |       ||    11
       Dagger            |       |       |     8 |       ||     8
       Unarmed           |       |       |    24 |    10 ||    34
       Quick blade       |       |       |       |   896 ||   896
       Cutlass           |       |       |       |    78 ||    78
 Fire: Sling             |     3 |       |       |       ||     3
       Blowgun           |       |       |       |    14 ||    14
Throw: Stone             |     4 |       |       |       ||     4
       Dart              |     8 |     3 |    71 |    86 ||   168
Invok: Berserk           |     4 |     5 |     7 |    11 ||    27
       Trog's Hand       |       |     1 |       |     2 ||     3
       Burn Spellbooks   |       |       |     1 |     1 ||     2
       Brothers in Arms  |       |       |       |     7 ||     7
Evoke: Wand              |       |       |     8 |    24 ||    32
  Use: Scroll            |     2 |       |     7 |     9 ||    18
       Potion            |       |       |       |     2 ||     2
 Stab: Sleeping          |       |       |     2 |    25 ||    27
